 Dungeon Crawl Stone Soup version 0.24.0-123-gd5b16e6ec5 (webtiles) character file.

Game seed: 11871075753763661842, levelgen mode: deterministic

222 eccles the Skirmisher (level 5, -6/42 HPs)
             Began as a Demonspawn Abyssal Knight on Feb 4, 2020.
             Was a Follower of Lugonu.
             Killed from afar by Ijyb (21 damage)
             ... with a bolt of acid
             ... on level 3 of the Dungeon.
             The game lasted 00:17:10 (4179 turns).

eccles the Skirmisher (Demonspawn Abyssal Knight)   Turns: 4179, Time: 00:17:10

Health: -6/42      AC: 10    Str: 14    XL:     5   Next: 66%
Magic:  6/6        EV:  6    Int: 13    God:    Lugonu [*.....]
Gold:   55         SH:  0    Dex: 12    Spells: 4/4 levels left

rFire    . . .     SeeInvis .   a - +1 falchion
rCold    . . .     Gourm    .   (no shield)
rNeg     . . .     Faith    .   e - +1 chain mail {rPois}
rPois    +         Spirit   .   (no helmet)
rElec    .         Reflect  .   (no cloak)
rCorr    .         Harm     .   (no gloves)
MR       .....                  (no boots)
Stlth    ..........             (no amulet)
HPRegen  0.14/turn              (no ring)
MPRegen  0.10/turn              (no ring)

@: no status effects
A: claws 1, hooves 1
a: Depart the Abyss, Renounce Religion


You were on level 3 of the Dungeon.
You worshipped Lugonu.
Lugonu was aware of your devotion.
You were not hungry.

You visited 1 branch of the dungeon, and saw 3 of its levels.
You visited the Abyss 1 time.

You collected 55 gold pieces.

Inventory:

Hand Weapons
 a - a +1 falchion (weapon)
Missiles
 k - 56 stones (quivered)
 o - 49 arrows
 q - 22 bolts
Armour
 b - a +0 leather armour
 e - a +1 chain mail of poison resistance (worn)
Jewellery
 m - an uncursed ring of wizardry {unknown}
Scrolls
 f - 2 scrolls of magic mapping {unknown}
 g - a scroll of enchant weapon {unknown}
 i - a scroll of remove curse {unknown}
 j - 2 scrolls of amnesia {unknown}
 l - 2 scrolls of identify {unknown}
 s - a scroll of enchant armour {unknown}
Potions
 d - a potion of agility {unknown}
 h - 2 potions of brilliance {unknown}
 n - a potion of lignification {unknown}
 p - a potion of invisibility
 r - a potion of degeneration {unknown}
Comestibles
 c - 3 rations


   Skills:
 + Level 4.0 Fighting
 + Level 3.7 Long Blades
 + Level 0.2 Throwing
 + Level 3.2 Armour
 + Level 1.2 Dodging
 + Level 2.5 Invocations


You had 4 spell levels left.
You didn't know any spells.
Your spell library was empty.

Dungeon Overview and Level Annotations

Branches:
Dungeon (3/15)

Altars:
Ashenzari
Dithmenos
Fedhas
Nemelex Xobeh
Vehumet
Xom
Yredelemnul

Annotations:
D:3 Ijyb


Innate Abilities, Weirdness & Mutations

You have sharp fingernails.
You have large cloven feet.


Message History

r - a sedimented green potion Some of the chunks of flesh in your inventory have rotted away.
s - a scroll labeled DOOTYENGOO All of the chunks of flesh in your inventory have rotted away.
You see here 22 bolts.
q - 22 bolts
Found a ration.
c - 3 rations (gained 1)
A rat comes into view.
Ijyb the Twisted Goblin comes into view.
She is carrying a wand of acid (4).
Ijyb shouts!
You hit the rat but do no damage. The rat barely misses you.
You hit the rat. You kick the rat.
You kill the rat!
Lugonu accepts your kill.
Ijyb zaps a wand.
The bolt of acid hits you!
You are splashed with acid!
You see here a rat corpse.
Ijyb zaps a wand.
The bolt of acid hits you!!
Ouch! That really hurt!
You die...

.......######..
..............#
.......#......#
.........##...##########
.[.....### #..........#
.......# #..........#
.._....# #..........#
...._.### ##..........#
........####...†@.g....#
..⌠.._...........#######
...........##..###
_..._.......#..#
.._.).###...#..##
....### #.......# #####
.....##.## .###. #.#
###### .###.##.###


You could see Ijyb.

Vanquished Creatures
  An orc priest (D:2)
  An orc wizard (D:3)
  3 adders
  7 gnolls
  2 worms (D:2)
  2 dart slugs (D:2)
  3 leopard geckos
  6 orcs
  6 bats
  4 goblins (D:2)
  2 hobgoblins
  3 jackals
  3 quokkas
  7 frilled lizards
  4 kobolds
  7 rats
61 creatures vanquished.

Notes
Turn   | Place    | Note
-------+----------+-------------------------------------------
     0 | Abyss:1  | eccles the Demonspawn Abyssal Knight began the quest for
                  | the Orb.
     0 | Abyss:1  | Reached XP level 1. HP: 18/18 MP: 2/2
    30 | Abyss:1  | Noticed a chaos spawn
    41 | Abyss:1  | Noticed an ice devil
    45 | Abyss:1  | Noticed an iron imp
    49 | D:1      | Escaped the Abyss
   611 | D:1      | Gained mutation: You have sharp fingernails. [demonic
                  | ancestry]
   611 | D:1      | Reached XP level 2. HP: 24/24 MP: 3/3
  1614 | D:2      | Reached XP level 3. HP: 16/29 MP: 4/4
  1773 | D:2      | Reached * piety under Lugonu
  2210 | D:2      | Found a faded altar of an unknown god.
  2464 | D:3      | Gained mutation: You have large cloven feet. [demonic
                  | ancestry]
  2464 | D:3      | Reached XP level 4. HP: 18/35 MP: 5/5
  2466 | D:3      | Reached skill level 1 in Dodging
  2478 | D:3      | Found a radiant altar of Vehumet.
  2480 | D:3      | Found a shattered altar of Ashenzari.
  2490 | D:3      | Found a shimmering altar of Xom.
  2490 | D:3      | Found a sparkling altar of Nemelex Xobeh.
  2495 | D:3      | Found a blossoming altar of Fedhas.
  2495 | D:3      | Found a shadowy altar of Dithmenos.
  2496 | D:3      | Found a basalt altar of Yredelemnul.
  2925 | D:2      | Reached XP level 5. HP: 19/42 MP: 6/6
  3892 | D:3      | Reached skill level 4 in Fighting
  4175 | D:3      | Noticed Ijyb
  4179 | D:3      | Killed from afar by Ijyb

Levels and vault maps discovered:
D:1:      minmay_arrival_semitransparent, layout_basic, chequers_big_river,
          serial_bayou_pond_e
D:2:      layout_basic, chequers_ecumenical_altar_simple
D:3:      layout_rooms, grunt_temple_overflow_open, first_ration, uniq_ijyb

Skill      XL: |  1  2  3  4  5 |
---------------+----------------+-----
Armour         | 2 3 |  3.2
Long Blades    | 2 3 |  3.7
Dodging        | 1 |  1.2
Fighting       | 4 |  4.0
Throwing       | |  0.2
Invocations    | |  2.5

Action                   |  1- 3 |  4- 6 || total
-------------------------+-------+-------++-------
Melee: Falchion          |   150 |    90 ||   240
       Kick              |       |    30 ||    30
Throw: Stone             |    11 |     3 ||    14
Invok: Depart the Abyss  |     1 |       ||     1
  Use: Potion            |     1 |     2 ||     3
  Eat: Ration            |     1 |       ||     1
       Chunk             |       |     7 ||     7
Armor: Chain mail        |   115 |    72 ||   187
       Leather armour    |     1 |       ||     1
Dodge: Dodged            |    62 |    48 ||   110
       Rpst.: Falchion   |    15 |    10 ||    25
